Map: Oxide LE

Players

PattyMac

  • Race: Protoss Protoss
  • League: Grandmaster
  • Spawn Location: 7:00

TLO - Winner!

  • Race: Zerg Zerg
  • League: Master
  • Spawn Location: 1:00

Event: DreamHack SC2 Masters 2020 Winter

VOD

Have the link to the VOD?

Description

Time

  • Played on: Oct. 27, 2020, 5:29 p.m.
  • Length: 9:20

All games in this series

Show
View Real Time Build Order
Export as new Build Order

PattyMac Protoss 

Build Orders: 1 Gate Expand, Oracle Opening 

Get SALT Encoding   

  12  0:00  Probe  
  13  0:12  Probe  
  14  0:17  Pylon  
  14  0:24  Probe  
  14  0:27  Assimilator  
  15  0:36  Probe (Chrono Boost)  
  16  0:43  Gateway  
  16  0:48  Probe (Chrono Boost)  
  17  0:53  Probe (Chrono Boost)  
  18  1:03  Probe  
  19  1:15  Probe  
  20  1:22  Nexus  
  20  1:32  Cybernetics Core  
  20  1:35  Probe  
  21  1:43  Assimilator  
  21  1:47  Probe  
  21  1:50  Pylon  
  22  1:59  Probe (Chrono Boost)  
  23  2:05  Adept (Chrono Boost)  
  25  2:11  Probe (Chrono Boost)  
  25  2:15  Stargate  
  26  2:19  Probe (Chrono Boost)  
  26  2:20  Warp Gate  
  27  2:28  Adept  
  29  2:33  Probe (Chrono Boost)  
  31  2:37  Probe (Chrono Boost)  
  31  2:43  Probe (Chrono Boost)  
  33  2:46  Probe (Chrono Boost)  
  33  2:48  Probe (Chrono Boost)  
  34  2:52  Void Ray (Chrono Boost)  
  34  2:56  Probe  
  39  3:00  Probe  
  39  3:01  Pylon  
  40  3:08  Probe  
  40  3:11  Gateway  
  40  3:12  Probe  
  42  3:20  Probe  
  42  3:24  Probe  
  44  3:28  Oracle (Chrono Boost)  
  44  3:32  Probe  
  48  3:39  Gateway  
  48  3:40  Probe  
  49  3:45  Probe  
  50  3:51  Pylon  
  50  3:52  Probe  
  51  3:58  Nexus, Probe  
  51  4:01  Pylon  
  52  4:04  Probe (Chrono Boost)  
  53  4:10  Assimilator  
  53  4:13  Assimilator  
  53  4:16  Probe x2 (Chrono Boost)  
  55  4:22  Stargate, Probe (Chrono Boost)  
  55  4:23  Probe (Chrono Boost)  
  57  4:24  Stargate  
  57  4:31  Probe  
  58  4:34  Probe  
  58  4:35  Void Ray (Chrono Boost)  
  59  4:39  Zealot  
  59  4:40  Zealot  
  59  4:42  Pylon  
  59  4:43  Probe  
  65  4:50  Probe  
  66  4:55  Probe  
  67  5:02  Probe (Chrono Boost), Void Ray  
  67  5:04  Stalker, Pylon  
  67  5:07  Void Ray  
  70  5:10  Probe (Chrono Boost)  
  70  5:14  Probe (Chrono Boost)  
  80  5:20  Probe (Chrono Boost)  
  82  5:23  Probe (Chrono Boost), Void Ray  
  82  5:24  Probe (Chrono Boost)  
  82  5:27  Probe (Chrono Boost)  
  84  5:28  Probe  
  84  5:31  Probe  
  86  5:39  Void Ray  
  86  5:40  Zealot x2  
  90  5:49  Void Ray  
  92  5:51  Probe (Chrono Boost)  
  92  5:55  Assimilator, Probe (Chrono Boost)  
  99  5:57  Probe (Chrono Boost)  
  99  5:58  Assimilator, Pylon  
  99  6:01  Probe (Chrono Boost)  
  99  6:02  Pylon  
  99  6:03  Pylon  
  101  6:04  Probe (Chrono Boost)  
  101  6:16  Probe x3, Void Ray (Chrono Boost)  
  101  6:18  Void Ray (Chrono Boost)  
  104  6:20  Zealot x2  
  109  6:28  Probe x3  
  110  6:34  Twilight Council  
  110  6:35  Forge  
  110  6:40  Probe x3  
  110  6:43  Gateway  
  113  6:50  Gateway  
  113  6:51  Gateway  
  113  6:52  Probe x3  
  116  7:02  Zealot x2  
  116  7:04  Void Ray x2  
  116  7:12  Charge (Chrono Boost)  
  123  7:19  Gateway  
  110  7:23  Zealot x2  
  110  7:29  Probe  
  93  7:30  Probe x2 (Chrono Boost)  
  86  7:38  Zealot  
  86  7:41  Probe (Chrono Boost)  
  86  7:42  Probe x2 (Chrono Boost)  
  83  7:46  Templar Archives  
  83  7:48  Gateway  
  82  7:51  Probe x3 (Chrono Boost)  
  82  7:56  Probe x2 (Chrono Boost)  
  82  7:57  Probe  
  83  8:00  Robotics Facility  
  81  8:06  Zealot  
  81  8:07  Probe, Sentry x3  
  81  8:08  Shield Battery, Probe  
  81  8:09  Probe  
  92  8:20  Pylon  
  92  8:21  Zealot x2  
  92  8:24  Gateway  
  92  8:25  Gateway  
  96  8:30  High Templar  
  96  8:31  High Templar  
  100  8:35  Archon  
  100  8:38  High Templar x2, Pylon  
  104  8:41  Zealot x2  
  104  8:44  Archon  
  106  8:50  Zealot  
  96  9:01  Zealot x2  
  92  9:05  Zealot x2  
  73  9:10  Zealot  
  73  9:11  Zealot x2  
  67  9:19  Zealot x2  
Show
View Real Time Build Order
Export as new Build Order

TLO Zerg - Winner!

Build Orders: Hatch First 

Get SALT Encoding   

  12  0:00  Drone  
  13  0:12  Overlord  
  13  0:16  Drone  
  14  0:30  Drone  
  14  0:31  Drone  
  16  0:47  Hatchery  
  15  0:51  Drone  
  15  0:54  Drone  
  17  0:59  Drone  
  17  1:03  Extractor  
  17  1:14  Spawning Pool  
  17  1:17  Drone  
  17  1:20  Drone  
  18  1:28  Drone  
  20  1:40  Drone  
  20  1:50  Drone  
  21  2:00  Zergling x2  
  21  2:01  Queen x2  
  22  2:05  Metabolic Boost  
  22  2:06  Overlord  
  26  2:10  Zergling x2  
  26  2:12  Drone  
  28  2:24  Drone, Extractor  
  28  2:25  Drone  
  30  2:33  Hatchery  
  30  2:36  Drone  
  30  2:42  Overlord  
  30  2:43  Drone  
  31  2:50  Queen  
  33  2:52  Zergling x2  
  33  2:56  Zergling x2  
  35  3:00  Overlord  
  35  3:04  Drone  
  35  3:05  Drone  
  37  3:10  Drone  
  37  3:11  Drone x2  
  40  3:16  Overlord  
  40  3:18  Drone  
  41  3:22  Queen  
  41  3:25  Drone  
  44  3:31  Overlord  
  44  3:35  Drone  
  44  3:39  Queen  
  44  3:40  Overlord  
  46  3:43  Drone  
  46  3:45  Drone  
  46  3:47  Drone  
  49  3:50  Drone  
  49  3:51  Drone  
  49  3:54  Baneling Nest  
  49  3:55  Drone  
  50  3:56  Drone  
  50  3:58  Drone  
  50  4:01  Drone  
  53  4:04  Drone  
  53  4:06  Drone x2  
  53  4:09  Drone  
  57  4:11  Drone  
  57  4:16  Drone x2  
  61  4:17  Drone  
  61  4:19  Spore Crawler  
  61  4:20  Spore Crawler  
  61  4:21  Spore Crawler  
  61  4:23  Drone  
  59  4:25  Drone  
  59  4:26  Drone  
  59  4:28  Drone  
  59  4:29  Drone  
  59  4:30  Drone  
  60  4:33  Drone  
  60  4:37  Drone  
  62  4:38  Drone  
  62  4:40  Drone  
  62  4:42  Zergling x2  
  65  4:47  Drone  
  65  4:48  Overlord  
  65  4:52  Hatchery  
  65  4:53  Drone  
  65  4:55  Extractor, Zergling x4  
  65  4:56  Zergling x2  
  65  4:57  Zergling x2  
  69  5:03  Lair  
  69  5:04  Zergling x2  
  69  5:05  Drone, Zergling x2  
  72  5:09  Drone, Extractor  
  72  5:12  Zergling x2  
  72  5:13  Zergling x2  
  74  5:16  Drone  
  74  5:17  Drone  
  74  5:19  Zergling x2  
  74  5:20  Zergling x2  
  74  5:21  Zergling x2  
  79  5:22  Zergling x4  
  79  5:24  Overlord  
  79  5:25  Spore Crawler  
  79  5:30  Drone  
  79  5:31  Drone x2  
  77  5:38  Drone  
  77  5:41  Drone  
  77  5:42  Drone  
  78  5:44  Drone x3  
  78  5:46  Zergling x2  
  78  5:47  Zergling x4  
  83  5:53  Baneling x8, Zergling x2  
  83  5:55  Zergling x2  
  83  5:57  Zergling x2  
  86  5:59  Zergling x2  
  86  6:00  Zergling x2  
  86  6:01  Zergling x4  
  90  6:05  Extractor  
  90  6:06  Extractor  
  90  6:07  Hydralisk Den  
  90  6:09  Centrifical Hooks  
  90  6:10  Drone, Extractor  
  87  6:13  Drone x6  
  91  6:24  Zergling x4  
  88  6:29  Drone  
  88  6:31  Drone  
  88  6:32  Zergling x2  
  86  6:37  Spore Crawler, Overlord  
  86  6:38  Grooved Spines, Hydralisk x4  
  93  6:40  Zergling x4  
  93  6:41  Zergling x2  
  93  6:44  Baneling x3  
  96  6:47  Overlord  
  96  6:49  Overlord  
  96  6:58  Hydralisk  
  96  7:00  Hydralisk x3  
  104  7:08  Hydralisk x2  
  102  7:10  Hatchery  
  102  7:12  Hydralisk  
  102  7:13  Hydralisk  
  100  7:19  Hydralisk  
  100  7:20  Hydralisk  
  100  7:22  Zergling x2  
  99  7:26  Hydralisk  
  99  7:28  Hydralisk  
  99  7:31  Hydralisk  
  99  7:34  Hydralisk  
  96  7:40  Hydralisk  
  96  7:42  Zergling x2  
  96  7:43  Hydralisk  
  94  7:44  Zergling x2  
  94  7:45  Zergling x2  
  94  7:46  Zergling x4  
  94  7:47  Zergling x2  
  94  7:48  Zergling x2  
  94  7:50  Drone  
  99  7:52  Extractor  
  99  7:53  Muscular Augments, Extractor  
  99  7:56  Zergling x2  
  98  7:58  Hydralisk  
  98  8:00  Hydralisk  
  98  8:03  Zergling x2  
  98  8:04  Queen  
  105  8:06  Zergling x2  
  105  8:07  Baneling x3  
  105  8:12  Hydralisk  
  108  8:15  Baneling  
  108  8:16  Baneling, Zergling x2  
  108  8:19  Zergling x4  
  111  8:20  Zergling x2  
  111  8:21  Zergling x2  
  111  8:23  Hydralisk x2  
  116  8:29  Queen  
  116  8:30  Hydralisk  
  116  8:32  Baneling  
  116  8:33  Baneling  
  117  8:50  Hydralisk x2  
  117  8:52  Hydralisk  
  117  8:53  Zergling x2  
  117  8:56  Hydralisk  
Tags
 
Add a new tag
Caveats
  • Supply blocks, unpowered buildings, or Contaminate may cause inaccurate times.
  • Supply counts are checked every 10 seconds.